 Dungeon Crawl Stone Soup version 0.30-a0-166-g5d06c95188 (webtiles) character file.

Game seed: 10278398374811328341

681 Ijustatesigmund the Trooper (level 7, -1/70 HPs)
             Began as a Gargoyle Fighter on Sept 29, 2022.
             Was an Initiate of the Shining One.
             Slain by a wyvern (7 damage)
             ... on level 5 of the Dungeon.
             The game lasted 00:08:07 (4395 turns).

Ijustatesigmund the Trooper (Gargoyle Fighter)      Turns: 4395, Time: 00:08:07

Health: -1/70      AC: 12    Str: 21    XL:     7   Next: 61%
Magic:  9/9        EV: 11    Int:  9    God:    the Shining One [......]
Gold:   62         SH:  0    Dex: 15    Spells: 6/6 levels left

rFire   . . .      SeeInvis .    o - +7 lajatang of Order {silver, rMut}
rCold   . . .      Faith    .    (shield currently unavailable)
rNeg    + . .      Spirit   .    b - +3 leather armour
rPois   ∞          Reflect  .    (helmet restricted)
rElec   +          Harm     .    n - scarf {repulsion}
rCorr   .          Rampage  .    (no gloves)
rMut    +                        u - +0 pair of boots
Will    .....                    (no amulet)
Stlth   ..........               e - ring of wizardry
HPRegen 0.21/turn                p - +6 ring of dexterity
MPRegen 0.11/turn

@: confused, berserking, glowing, repel missiles, very quick
A: sickness immunity, AC +4, negative energy resistance 1, electricity
resistance, torment resistance 1, petrification resistance, horns 1, MP-powered
wands
a: Renounce Religion


You were on level 5 of the Dungeon.
You worshipped the Shining One.
The Shining One was noncommittal.
You visited 2 branches of the dungeon, and saw 6 of its levels.

You collected 185 gold pieces.
You spent 123 gold pieces at shops.

Inventory:

Hand Weapons
 m - a +0 morningstar of holy wrath
 o - the +7 lajatang of Order (weapon) {silver, rMut}
   (You acquired it on level 3 of the Dungeon)

   It inflicts extra damage upon those it strikes, and deals substantially
   increased damage to chaotic, mutated and magically transformed beings.
   rMut:      It protects you from mutation.
Armour
 b - a +3 leather armour (worn)
 c - a +0 buckler
 j - a +0 helmet
 n - a scarf of repulsion (worn)
 u - a +0 pair of boots (worn)
Jewellery
 e - a ring of wizardry (left hand)
 p - a +6 ring of dexterity (right hand)
Wands
 r - a wand of acid (6)
Scrolls
 g - a scroll of noise {unknown}
 h - a scroll of poison
 k - a scroll of silence {unknown}
 q - 2 scrolls of teleportation {unknown}
 s - 2 scrolls of fear {unknown}
 t - a scroll of blinking
 v - 3 scrolls of identify
 w - a scroll of summoning {unknown}
Potions
 a - a potion of mutation
 d - a potion of might
 f - 4 potions of flight
 x - a potion of lignification {unknown}
 z - a potion of experience {unknown}


   Skills:
 + Level 6.4 Fighting
 - Level 4.1(4.6) Maces & Flails
 + Level 3.2(4.2) Staves
 - Level 3.2 Armour
 - Level 3.2 Shields
 + Level 3.2 Invocations
 - Level 1.2 Evocations


You had 6 spell levels left.
You didn't know any spells.
Your spell library contained the following spells:

 Spells                   Type           Power      Damage    Failure   Level
 Sandblast                Erth           0%         2d4       19%         1
 Blink                    Tloc           0%         N/A       26%         2
 Momentum Strike          Conj/Tloc      0%         3d8       26%         2
 Passwall                 Tmut/Erth      0%         N/A       26%         2
 Lesser Beckoning         Tloc           0%         N/A       45%         3
 Stone Arrow              Conj/Erth      0%         3d7       45%         3


Dungeon Overview and Level Annotations

Branches:
Dungeon (5/15)             Temple (1/1) D:4

Altars:
Ashenzari
Hepliaklqana
Makhleb
Nemelex Xobeh
Okawaru
Qazlal
Ru
Sif Muna
Wu Jian
Xom
Yredelemnul
The Shining One

Shops:
D:3 ?   D:4 =

Annotations:
D:5 Ijyb


Innate Abilities, Weirdness & Mutations

You are immune to sickness and miasma.
Your stone body is resilient. (AC +4)
You are immune to poison.
You resist negative energy. (rN+)
You are resistant to electric shocks. (rElec)
You are resistant to unholy torment.
You are immune to petrification.
You have a pair of small horns on your head.
You expend magic power (3 MP) to strengthen your wands.


Message History

Your will is overpowered!
You are confused.
You are too confused!
Okay, then.
It was a potion of mutation.
You feel extremely strange. A pair of horns grows on your head!
Your +0 helmet falls away!
You feel your magical essence link to the dungeon's wands.
Ijyb zaps a wand.
Your will is overpowered!
You are more confused.
A wyvern comes into view.
The wyvern hisses angrily.
Ijyb zaps a wand.
Your will is overpowered!
You are more confused.
Ijyb zaps a wand.
Your will is overpowered!
You are more confused.
You barely miss the wyvern. The wyvern barely misses you.
The wyvern closely misses you.
You're too confused to move!
The wyvern bites you! x2
Ijyb grins evilly.
Ijyb hits you but does no damage.
You slash the wyvern! Your headbutt misses the wyvern.
The wyvern is heavily wounded.
The wyvern closely misses you. Ijyb hits you but does no damage.
You slash Ijyb!
Ijyb is heavily wounded.
The wyvern bites you. The wyvern bites you!
* * * LOW HITPOINT WARNING * * *
Ijyb zaps a wand.
You resist with some effort.
It was a potion of heal wounds.
You feel much better. The wyvern bites you!
* * * LOW HITPOINT WARNING * * *
Ijyb hits you but does no damage. The wyvern bites you.
* * * LOW HITPOINT WARNING * * *
It was a potion of berserk rage.
A red film seems to cover your vision as you go berserk!
You feel yourself moving faster!
You feel mighty! The wyvern bites you.
* * * LOW HITPOINT WARNING * * *
Ijyb zaps a wand.
You resist with some effort.
You feel a strong urge to attack something.
The wyvern bites you!
You die...

.............
..##...##.## #+###
#####'###.######...#
..#.....#.....#...[#
..#...<.#.....#....#
..+.....'.....#....#
..#.....#.....#....+
..####.######+##>..#
..####.####...##@g.##...
....#....#.......l......
....'....#..............
....#....#..............
....#>...'...........$..
########################


You could see a wyvern and Ijyb.

Vanquished Creatures
  A black bear (D:5)
  An ice beast (D:5)
  An ogre (D:4)
  A centaur (D:5)
  A scorpion (D:4)
  A howler monkey (D:4)
  Jessica (D:2)
  4 gnolls
  7 adders
  3 worms
  5 dart slugs
  2 orcs (D:4)
  10 endoplasms
  5 giant cockroaches
  7 goblins
  7 hobgoblins
  3 jackals (D:2)
  5 kobolds
  5 quokkas
  6 ball pythons
  6 bats
  3 frilled lizards
  10 rats
95 creatures vanquished.

Notes
Turn   | Place    | Note
-------+----------+-------------------------------------------
     0 | D:1      | Ijustatesigmund the Gargoyle Fighter began the quest for
                  | the Orb.
     0 | D:1      | Reached XP level 1. HP: 14/14 MP: 1/1
   314 | D:1      | Found a faded altar of an unknown god.
   539 | D:1      | Reached XP level 2. HP: 19/19 MP: 2/2
   936 | D:1      | Reached XP level 3. HP: 12/24 MP: 3/3
   937 | D:1      | Reached skill level 4 in Fighting
  1655 | D:1      | Reached XP level 4. HP: 28/30 MP: 4/4
  1941 | D:2      | Noticed Jessica
  1948 | D:2      | Killed Jessica
  1949 | D:2      | Reached skill level 5 in Fighting
  1949 | D:2      | Reached XP level 5. HP: 35/35 MP: 5/5
  2682 | D:3      | Found Mihe's Magic Scroll Boutique.
  2696 | D:3      | Bought a scroll of blinking for 97 gold pieces
  2696 | D:3      | Bought a scroll of identify for 26 gold pieces
  2822 | D:3      | Identified 2 scrolls of acquirement
  2822 | D:3      | Acquired a +0 morningstar of holy wrath
  2846 | D:3      | Acquired the +7 lajatang of Order {silver, rMut}
  2846 | D:3      | Found the +7 lajatang of Order {silver, rMut}
  2869 | D:3      | Identified the +0 ring mail of Snakes and Ladders {-Tele
                  | Dex+2 SInv}
  3126 | D:3      | Found a stormy altar of Qazlal.
  3252 | D:4      | Found a staircase to the Ecumenical Temple.
  3255 | D:4      | Reached skill level 1 in Evocations
  3255 | D:4      | Reached XP level 6. HP: 40/40 MP: 6/6
  3265 | Temple   | Entered the Ecumenical Temple
  3430 | Temple   | Became a worshipper of the Shining One
  3456 | D:4      | Reached skill level 1 in Staves
  3505 | D:4      | Reached skill level 1 in Invocations
  3658 | D:4      | Found Plog's Jewellery Emporium.
  4216 | D:5      | Entered Level 5 of the Dungeon
  4231 | D:5      | Reached skill level 6 in Fighting
  4231 | D:5      | Reached XP level 7. HP: 38/46 MP: 8/8
  4383 | D:5      | Noticed Ijyb
  4384 | D:5      | Gained mutation: You have a pair of small horns on your
                  | head. [potion of mutation]
  4384 | D:5      | Gained mutation: You expend magic power (3 MP) to
                  | strengthen your wands. [potion of mutation]
  4386 | D:5      | Noticed a wyvern
  4395 | D:5      | Slain by a wyvern

Illustrated notes

Levels and vault maps discovered:
D:1:      nzn_arrival_crosshair, layout_rooms, basic_ecumenical_altar,
          nicolae_wormholes
D:2:      layout_basic, uniq_jessica
D:3:      layout_rooms, grunt_qazlal_clouds, serial_shops, shop,
          nicolae_hexahallways
D:4:      layout_loops_ring, minmay_temple_entry_stoned_glass, serial_shops,
          nicolae_shop_stone, roderic_lattice_a
D:5:      layout_gridville, grunt_dithmenos_smoke_and_mirrors,
          gammafunk_ghost_icy, uniq_ijyb
Temple:   chequers_temple_sunken

Skill      XL: |  1  2  3  4  5  6  7 |
---------------+----------------------+-----
Fighting       | 4 5 6 |  6.4
Maces & Flails | 3 4 |  4.1
Evocations     | 1 |  1.2
Staves         | 2 3 |  3.2
Invocations    | 2 3 |  3.2
Armour         | |  3.2
Shields        | |  3.2

Action                   |  1- 3 |  4- 6 |  7- 9 || total
-------------------------+-------+-------+-------++-------
Melee: Flail             |   133 |    90 |       ||   223
       Lajatang          |       |    42 |     8 ||    50
  Use: Scroll            |       |     6 |       ||     6
       Potion            |       |       |     3 ||     3
 Stab: Sleeping          |       |     2 |       ||     2
Armor: Scale mail        |    60 |       |       ||    60
       Leather armour    |     9 |    65 |    11 ||    85
Dodge: Dodged            |    68 |    78 |     6 ||   152
       Repelled          |       |     1 |       ||     1
Block: Buckler           |    29 |    20 |       ||    49

Table legend: (Time is in decaauts)
 A = Elapsed time spent in this place.
 B = Non-inter-level travel time spent in this place.
 C = Inter-level travel time spent in this place.
 D = Time resting spent in this place.
 E = Time spent auto-exploring this place.
 F = Levels seen in this place.
 G = Mean time per level.
                   A        B        C        D        E       F      G
               +--------+--------+--------+--------+--------+-----+--------+
         Total |   4522 |   4371 |    151 |    656 |   2928 |   6 |  753.7 |
       Dungeon |   4285 |   4157 |    128 |    656 |   2744 |   5 |  857.0 |
        Temple |    237 |    214 |     23 |      0 |    184 |   1 |  237.0 |
               +--------+--------+--------+--------+--------+-----+--------+

Top non-repeatable levels by time:
     D:1: 1736 daAuts
     D:2: 919 daAuts
     D:4: 800 daAuts
     D:3: 647 daAuts
  Temple: 237 daAuts
     D:5: 181 daAuts
